 Dungeon Crawl Stone Soup version 0.31-a0-1074-g0b22e4e0f1 (webtiles) character file.

Game seed: 6453914307995030094

95 pascalblue the Conjurer (level 4, -3/24 HPs)
             Began as a Deep Elf Conjurer on Nov 28, 2023.
             Slain by a gnoll
             ... wielding a +0 spear
              (6 damage)
             ... on level 3 of the Dungeon.
             The game lasted 00:07:29 (2451 turns).

pascalblue the Conjurer (Deep Elf Conjurer)         Turns: 2451, Time: 00:07:29

Health: -3/24      AC:  3    Str:  4    XL:     4   Next: 40%
Magic:  1/12       EV: 12    Int: 25    God:
Gold:   137        SH:  0    Dex: 13    Spells: 3/11 levels left

rFire   + . .        g - +0 dagger
rCold   + . .        (no shield)
rNeg    . . .        a - +0 robe
rPois   .            l - +0 helmet
rElec   .            c - scarf {rC+ rF+}
rCorr   +            (no gloves)
SInv    .            (no boots)
Will    .....        (no amulet)
Stlth   ++           k - ring of flight
HPRegen 0.24/turn    o - ring of resist corrosion
MPRegen 0.13/turn

%: no passive effects
@: flying
A: no striking features
a: no special abilities


You were on level 3 of the Dungeon.
You visited 1 branch of the dungeon, and saw 3 of its levels.

You collected 137 gold pieces.

Inventory:

Hand Weapons
 g - a +0 dagger (weapon)
Armour
 a - a +0 robe (worn)
 c - a scarf of resistance (worn)
 l - a +0 helmet (worn)
Jewellery
 k - a ring of flight (left hand)
 o - a ring of resist corrosion (right hand)
Scrolls
 d - 4 scrolls of teleportation {unknown}
 e - a scroll of blinking {unknown}
 f - 6 scrolls of identify {unknown}
 m - a scroll of revelation {unknown}
 n - a scroll of vulnerability {unknown}
Potions
 b - a potion of magic
 h - 3 potions of heal wounds {unknown}
 i - a potion of curing {unknown}
 j - a potion of enlightenment {unknown}


   Skills:
 - Level 2.4 Dodging
 - Level 2.4 Stealth
 + Level 4.3 Spellcasting
 * Level 5.8 Conjurations
 + Level 0.4 Necromancy


You had 3 spell levels left.
You knew the following spells:

 Your Spells              Type           Power      Damage    Failure   Level
a - Magic Dart            Conj           100%       1d8       1%          1
b - Searing Ray           Conj           68%        2d6       1%          2
c - Kiss of Death         Conj/Necr      84%        2d11      2%          1
d - Fulminant Prism       Conj/Hex       10%        3d8       26%         4

Your spell library contained the following spells:

 Spells                   Type           Power      Damage    Failure   Level
 Dazzling Flash           Conj/Hex       40%        N/A       8%          3
 Sting                    Tmut/Pois      20%        1d4       9%          1
 Summon Small Mammal      Summ           20%        N/A       9%          1
 Poisonous Vapours        Pois/Air       10%        N/A       13%         2
 Call Canine Familiar     Summ           5%         N/A       26%         3
 Confusing Touch          Hex            5%         N/A       26%         3
 Summon Guardian Golem    Hex/Summ       5%         N/A       26%         3
 Iskenderun's Mystic Bla  Conj/Tloc      20%        2d6       26%         4
 Dispel Undead            Necr           7%         3d8       58%         4
 Olgreb's Toxic Radiance  Pois           5%         N/A       65%         4


Dungeon Overview and Level Annotations

Branches:
Dungeon (3/15)

Altars:
Fedhas


Message History

a +0 flail; a boomerang The rat enters a dispersal trap!
You blink.
A gnoll comes into view. It is wielding a +0 halberd.
The rat blinks!
Casting: Magic Dart (safe; 1% risk of failure)
Confirm with . or Enter, or press ? or * to list all spells.
Aiming: Magic Dart (safe; 1% risk of failure)
Press: ? - help, Shift-Dir - straight line, f - rat
Aim: a rat (100% to hit)
The magic dart hits the rat.
You kill the rat!
The gnoll shouts!
The gnoll misses you.
You see here 10 gold pieces.
Casting: Magic Dart (safe; 1% risk of failure)
Confirm with . or Enter, or press ? or * to list all spells.
Aiming: Searing Ray (safe; 1% risk of failure)
Press: ? - help, Shift-Dir - straight line, f - gnoll
Aim: a gnoll, wielding a +0 spear (83% to hit)
The searing ray hits the gnoll!
The gnoll is severely wounded. (Press . to maintain the ray.) Without enough magic to sustain it, your searing ray dissipates.
The gnoll hits you from afar with a +0 spear!
* * * LOW HITPOINT WARNING * * *
The gnoll hits you with a +0 spear.
* * * LOW HITPOINT WARNING * * *
You hit the gnoll.
The gnoll is almost dead.
The gnoll barely misses you. The gnoll closely misses you.
You barely miss the gnoll.
The gnoll is almost dead.
The gnoll barely misses you. x2
You closely miss the gnoll.
The gnoll is almost dead.
The gnoll closely misses you. The gnoll barely misses you.
You hit the gnoll but do no damage. You punch the gnoll, but do no damage.
The gnoll is almost dead.
The gnoll misses you. The gnoll hits you with a +0 spear.
You die...

#......
....#.....#
....#...g.#
....#.....####
#............#
##......##.#
#........#.#
#^.)...g##.#
#.))....g@.# #
##)########## .
######)...#####
#
#.............#
#.............#
#######
#...[.........#
#......
#.............#
#.#####
######........#
#.# #
#........# #.#
#


You could see 2 gnolls.

Vanquished Creatures
  A gnoll (D:3)
  An adder (D:3)
  2 worms (D:2)
  2 dart slugs
  4 orcs (D:3)
  5 ball pythons
  5 bats
  5 endoplasms
  4 giant cockroaches
  4 goblins
  5 hobgoblins
  5 jackals
  3 quokkas
  2 frilled lizards (D:1)
  4 kobolds
  5 rats
57 creatures vanquished.

Notes
Turn   | Place    | Note
-------+----------+-------------------------------------------
     0 | D:1      | pascalblue the Deep Elf Conjurer began the quest for the
                  | Orb.
     0 | D:1      | Reached XP level 1. HP: 10/10 MP: 6/6
   295 | D:1      | Reached XP level 2. HP: 15/15 MP: 2/8
   857 | D:1      | Reached skill level 5 in Conjurations
  1118 | D:2      | Learned a level 2 spell: Searing Ray
  1173 | D:2      | Reached XP level 3. HP: 19/19 MP: 8/10
  1804 | D:2      | Found a blossoming altar of Fedhas.
  2372 | D:3      | Reached XP level 4. HP: 24/24 MP: 10/12
  2392 | D:3      | Learned a level 1 spell: Kiss of Death
  2397 | D:3      | Learned a level 4 spell: Fulminant Prism
  2451 | D:3      | Slain by a gnoll

Illustrated notes

Levels and vault maps discovered:
D:1:      dpeg_arrival_rooms_with_view, layout_basic
D:2:      layout_loops_ring, basic_altar
D:3:      layout_basic, mainiacjoe_overflow_24_doors, gammafunk_ghost_cemetery

Skill      XL: |  1  2  3 |
---------------+----------+-----
Conjurations   | 5 |  5.8
Spellcasting   | 4 |  4.3
Dodging        | |  2.4
Stealth        | |  2.4
Necromancy     | |  0.4

Action                     |  1- 3 |  4- 6 || total
---------------------------+-------+-------++-------
  Melee: Dagger            |       |     4 ||     4
         Punch             |       |     1 ||     1
   Cast: Magic Dart        |    98 |    12 ||   110
         Searing Ray       |       |     2 ||     2
 Armour: Robe              |     2 |     5 ||     7
  Dodge: Dodged            |     8 |     8 ||    16

Table legend: (Time is in decaauts)
 A = Elapsed time spent in this place.
 B = Non-inter-level travel time spent in this place.
 C = Inter-level travel time spent in this place.
 D = Time resting spent in this place.
 E = Time spent auto-exploring this place.
 F = Levels seen in this place.
 G = Mean time per level.
                   A        B        C        D        E       F      G
               +--------+--------+--------+--------+--------+-----+--------+
         Total |   2448 |   2429 |     19 |      0 |   2168 |   3 |  816.0 |
       Dungeon |   2448 |   2429 |     19 |      0 |   2168 |   3 |  816.0 |
               +--------+--------+--------+--------+--------+-----+--------+

Top non-repeatable levels by time:
     D:1: 1101 daAuts
     D:2: 986 daAuts
     D:3: 360 daAuts
